AoeStats
← titanus-3

Black Forest

506380891Analyzed
3v3 RM · 18d ago on Sep 13, 2026· 59m 21s· 6 players
Game mode
Random Map
Map size
Normal (6 player)
Population
200
Speed
Normal
Resources
Standard
Victory
Conquest
Starting age
Dark Age
Ending age
Imperial Age
RankedLock teamsTeams togetherTeam positionsShared explorationLock speedFull tech treeHidden civsTurbo modeCheats
Victory
Defeat
🇩🇪 Franks · Germany
1218
+14
🇩🇪 Mapuche · Germany
1218
+14
🇩🇪 Goths · Germany
1041
+22
🇫🇷 Bulgarians · France
1207
-18
🇧🇷 Huns · Brazil
1181
-17
🇩🇪 Lithuanians · Germany
1142
-15
GOOLFYZERA
11:40 Feudal Age
16:10 Castle Age
14:14 Double-Bit Axe
14:39 Horse Collar
17:54 Wheelbarrow
17:55 Bow Saw
19:14 Heavy Plow
21:14 Stone Mining
21:51 Hand Cart
22:24 Gold Mining
26:22 Scale Barding Armor
26:28 Forging
27:56 Chain Barding Armor
28:12 Iron Casting
28:23 Bloodlines
29:11 Gold Shaft Mining
34:18 Imperial Age
32:23 Marauders
33:34 Husbandry
35:25 Conscription
35:26 Atheism
35:32 Elite Tarkan
41:19 Plate Barding Armor
41:45 Blast Furnace
43:58 Caravan
46:49 Two-Man Saw
45:28 Heavy Cavalry Archer
46:35 Parthian Tactics
46:58 Padded Archer Armor
46:49 Fletching
48:07 Bodkin Arrow
49:17 Ballistics
50:00 Chemistry
51:38 Leather Archer Armor
51:24 Bracer
frexnir
0:56 Loom
15:57 Feudal Age
16:23 Double-Bit Axe
21:05 Castle Age
21:27 Stone Mining
22:21 Bow Saw
22:50 Wheelbarrow
23:31 Fletching
26:39 Scale Barding Armor
34:30 Bloodlines
34:32 Forging
36:18 Iron Casting
36:18 Chain Barding Armor
36:45 Husbandry
36:59 Fishing Lines
37:39 Gambesons
38:15 Scale Mail Armor
39:36 Gold Mining
43:39 Imperial Age
41:53 Squires
42:11 Chain Mail Armor
42:32 Bodkin Arrow
43:26 Ballistics
45:40 Imperial Age
43:14 Padded Archer Armor
42:43 Elite Skirmisher
46:41 Hand Cart
46:30 Bracer
46:31 Light Cavalry
49:33 Blast Furnace
49:09 Conscription
49:56 Plate Barding Armor
50:01 Thumb Ring
50:40 Horse Collar
51:10 Bagains
52:09 Plate Mail Armor
52:13 Stirrups
54:26 Heavy Plow
55:53 Elite Konnik
panzervogel
0:47 Loom
13:41 Feudal Age
18:34 Castle Age
17:46 Double-Bit Axe
18:39 Fishing Lines
20:18 Bow Saw
20:31 Horse Collar
21:30 Heavy Plow
22:55 Stone Mining
22:57 Gold Mining
25:25 Wheelbarrow
29:50 Imperial Age
28:04 Hand Cart
28:03 Forging
28:05 Scale Barding Armor
28:33 Husbandry
28:45 Bloodlines
29:26 Iron Casting
30:18 Chain Barding Armor
30:09 Cavalier
32:58 Plate Barding Armor
32:18 Paladin
35:24 Two-Man Saw
35:10 Crop Rotation
35:11 Devotion
36:33 Conscription
36:39 Caravan
39:35 Guilds
39:54 Padded Archer Armor
39:45 Fletching
39:56 Scale Mail Armor
41:07 Leather Archer Armor
40:48 Bodkin Arrow
41:16 Ballistics
41:57 Chemistry
40:59 Onager
41:48 Bracer
42:18 Ring Archer Armor
42:04 Chain Mail Armor
41:15 Pikeman
41:55 Squires
45:18 Elite Skirmisher
46:04 Thumb Ring
51:52 Gillnets
53:51 Light Cavalry
55:14 Winged Hussar
titanus-3
0:55 Loom
13:52 Feudal Age
15:21 Double-Bit Axe
15:52 Horse Collar
23:48 Castle Age
23:09 Wheelbarrow
25:11 Bow Saw
26:32 Town Watch
26:57 Heavy Plow
30:47 Squires
32:51 Hand Cart
33:24 Gold Mining
34:19 Pikeman
35:09 Anarchy
38:54 Imperial Age
36:39 Forging
36:29 Scale Mail Armor
40:04 Iron Casting
39:45 Chain Mail Armor
39:40 Onager
41:33 Chemistry
41:54 Halberdier
43:05 Perfusion
43:48 Conscription
44:44 Blast Furnace
51:44 Caravan
tenshi
0:59 Loom
11:24 Feudal Age
16:03 Castle Age
13:55 Double-Bit Axe
15:31 Horse Collar
18:07 Bow Saw
22:39 Wheelbarrow
24:28 Gold Mining
24:53 Heavy Plow
24:48 Stone Mining
26:30 Caravan
28:39 Gold Shaft Mining
28:56 Fletching
29:06 Padded Archer Armor
28:51 Fishing Lines
29:29 Hand Cart
32:28 Imperial Age
29:44 Town Watch
30:03 Malon
30:01 Gillnets
30:13 Bodkin Arrow
30:33 Leather Archer Armor
32:19 Forging
32:30 Town Patrol
33:23 Stone Shaft Mining
33:39 Ring Archer Armor
32:32 Elite Bolas Rider
33:57 Conscription
33:44 Butalmapu
33:04 Elite Kona
34:28 Pikeman
35:55 Ballistics
36:35 Chemistry
38:51 Iron Casting
41:25 Hoardings
44:59 Coinage
46:56 Blast Furnace
54:39 Siege Engineers
54:44 Masonry
Antillis
1:55 Loom
13:22 Feudal Age
18:42 Castle Age
16:57 Double-Bit Axe
28:20 Fletching
28:43 Forging
30:11 Scale Barding Armor
32:24 Chain Barding Armor
32:33 Bow Saw
33:15 Husbandry
42:39 Light Cavalry
57:43 Imperial Age
59:02 Cavalier
Connection lost

Rejoining the realm…

Still unreachable

The connection could not be restored.

Session expired

The server has moved on; the page needs a fresh start.